 Dungeon Crawl Stone Soup version 0.23.0 (webtiles) character file.

Game seed: 8992211215606154934

326 Jethus the Distorting Demonspawn (level 6, -6/48 HPs)
             Began as a Demonspawn Abyssal Knight on Feb 16, 2019.
             Was a Believer of Lugonu.
             Mangled by Menkaure (17 damage)
             ... on level 4 of the Dungeon.
             The game lasted 00:18:41 (4999 turns).

Jethus the Distorting Demonspawn (DsAK)             Turns: 4999, Time: 00:18:42

Health: -6/48      AC: 15    Str: 16    XL:     6   Next: 24%
Magic:  0/9        EV: 12    Int: 13    God:    Lugonu [**....]
Gold:   282        SH:  0    Dex: 13    Spells: 5/5 levels left

rFire    . . .     SeeInvis .   a - +1 hand axe
rCold    . . .     Gourm    .   (no shield)
rNeg     + . .     Faith    .   b - +0 leather armour
rPois    .         Spirit   +   k - +0 helmet
rElec    .         Reflect  .   d - +0 cloak (curse)
rCorr    .         Harm     .   e - +0 pair of gloves
MR       .....                  (no boots)
Stlth    +.........             p - amulet of guardian spirit
HPRegen  0.16/turn              o - +2 ring of strength
MPRegen  0.11/turn              m - ring of positive energy

@: sanguine armour
A: sanguine armour 2
a: Depart the Abyss, Bend Space, Renounce Religion


You were on level 4 of the Dungeon.
You worshipped Lugonu.
Lugonu was pleased with you.
You were very hungry.

You visited 1 branch of the dungeon, and saw 4 of its levels.
You visited the Abyss 1 time.

You collected 282 gold pieces.

Inventory:

Hand Weapons
 a - a +1 hand axe (weapon)
Missiles
 h - a throwing net
 l - 113 stones (quivered)
Armour
 b - a +0 leather armour (worn)
 d - a cursed +0 cloak (worn)
 e - a +0 pair of gloves (worn)
 k - a +0 helmet (worn)
Jewellery
 g - an uncursed ring of protection from magic
 i - a +6 ring of strength
 j - an uncursed amulet of magic regeneration
 m - a ring of positive energy (right hand)
 n - an uncursed ring of ice
 o - a +2 ring of strength (left hand)
 p - an amulet of guardian spirit (around neck)
 q - an uncursed ring of positive energy
Scrolls
 f - 2 scrolls of identify
Comestibles
 c - 6 rations


   Skills:
 + Level 4.1 Fighting
 + Level 3.1 Axes
 + Level 3.0 Armour
 + Level 2.5 Dodging
 + Level 4.3 Invocations


You had 5 spell levels left.
You didn't know any spells.
Your spell library was empty.

Dungeon Overview and Level Annotations

Branches:
Dungeon (4/15)
 Temple: D:4-7

Altars:
Cheibriados
Gozag
Okawaru
Vehumet
Zin
The Shining One

Annotations:
D:4 Menkaure


Innate Abilities, Weirdness & Mutations

When seriously injured, your bleeding wounds create thick armour. (AC +9)


Message History

Menkaure hits you!
* * * LOW HITPOINT WARNING * * *
You aren't carrying any potions.
Okay, then.
You hit Menkaure.
Menkaure is heavily damaged.
Menkaure gestures at you while chanting.
You barely resist. You hit Menkaure.
Menkaure is heavily damaged.
Menkaure misses you.
You barely miss Menkaure.
Menkaure is heavily damaged.
Menkaure calls on the powers of darkness!
Your body is wracked with pain!
* * * LOW HITPOINT WARNING * * *
You hit Menkaure.
Menkaure is heavily damaged.
Menkaure hits you!!
You die...

≈≈**,,,,,,####........#
≈≈**,,,,,** ##.#.###.#
≈***,,,,** #.#.# #.# ≈*
*,,,** #.#.# #.# **
**+** #...# #.# *,*
#..## #.# *,* ***
#..####.# * **,**
**,**#.......# *
**,,,***,*,*##@###### *
*,,,,,*,***,*#M#
****,,,*,** **,#.#
,,,,,,,,** **..#
,*******,** **,..# **
**,***,#### * **,*,** *
**,** ***


You could see Menkaure.

Vanquished Creatures
  Crazy Yiuf (D:4)
  2 orc wizards (D:4)
  A statue (D:4)
  A worker ant (D:4)
  3 gnolls (D:2)
  6 adders
  2 oozes (D:3)
  2 worms
  2 dart slugs
  5 leopard geckos
  4 orcs (D:4)
  8 bats
  5 giant cockroaches
  10 goblins
  8 hobgoblins
  4 jackals
  3 quokkas
  2 ball pythons (D:1)
  3 frilled lizards
  A jackal skeleton (D:4)
  9 kobolds
  A leopard gecko skeleton (D:4)
  15 rats
98 creatures vanquished.

Notes
Turn   | Place    | Note
-------+----------+-------------------------------------------
     0 | Abyss:1  | Jethus the Demonspawn Abyssal Knight began the quest for
                  | the Orb.
     0 | Abyss:1  | Reached XP level 1. HP: 18/18 MP: 2/2
    28 | D:1      | Escaped the Abyss
   356 | D:1      | Reached skill level 1 in Dodging
   394 | D:1      | Gained mutation: When seriously injured, your bleeding
                  | wounds create armour. (AC +9) [demonic ancestry]
   394 | D:1      | Reached XP level 2. HP: 20/24 MP: 4/4
   559 | D:1      | Reached * piety under Lugonu
  1059 | D:1      | Gained mutation: When seriously injured, your bleeding
                  | wounds create thick armour. (AC +9) [demonic ancestry]
  1059 | D:1      | Reached XP level 3. HP: 26/29 MP: 5/5
  1811 | D:2      | Found an opulent altar of Gozag.
  1812 | D:2      | Found a glowing silver altar of Zin.
  2023 | D:2      | Found a snail-covered altar of Cheibriados.
  2325 | D:2      | Reached XP level 4. HP: 35/35 MP: 6/6
  2675 | D:3      | Reached ** piety under Lugonu
  2853 | D:3      | Found a glowing golden altar of the Shining One.
  3056 | D:3      | Reached XP level 5. HP: 42/42 MP: 7/7
  3201 | D:3      | Found an iron altar of Okawaru.
  3848 | D:4      | Found a runed translucent door.
  3849 | D:4      | Noticed Crazy Yiuf
  3933 | D:4      | Killed Crazy Yiuf
  4007 | D:4      | HP: 2/42 [orc priest/divine providence (10)]
  4011 | D:4      | Found a radiant altar of Vehumet.
  4012 | D:4      | Noticed a frost-covered statue
  4023 | D:4      | Killed a frost-covered statue
  4317 | D:4      | Reached XP level 6. HP: 44/48 MP: 9/9
  4988 | D:4      | Noticed Menkaure
  4999 | D:4      | Mangled by Menkaure

Skill      XL: |  1  2  3  4  5  6 |
---------------+-------------------+-----
Dodging        | 1 2 |  2.5
Axes           | 2 3 |  3.1
Armour         | 2 3 |  3.0
Invocations    | 3 4 |  4.3
Fighting       | 4 |  4.1

Action                   |  1- 3 |  4- 6 || total
-------------------------+-------+-------++-------
Melee: Hand axe          |   159 |   226 ||   385
Throw: Stone             |       |     3 ||     3
Invok: Depart the Abyss  |     1 |       ||     1
       Bend Space        |       |     1 ||     1
  Use: Scroll            |     5 |     5 ||    10
       Potion            |       |     6 ||     6
 Stab: Sleeping          |     1 |     2 ||     3
  Eat: Chunk             |     4 |     8 ||    12
Armor: Leather armour    |    80 |    68 ||   148
Dodge: Dodged            |   109 |   126 ||   235
